 Dungeon Crawl Stone Soup version 0.31-a0-187-gba352fbbf7 (webtiles) character file.

Game seed: 16250333221711747455

52 qw the Shooter (level 3, -4/20 HPs)
             Began as a Deep Elf Hunter on June 22, 2023.
             Killed from afar by Sigmund (10 damage)
             ... with a puff of flame
             ... on level 2 of the Dungeon.
             The game lasted 00:00:30 (1048 turns).

qw the Shooter (Deep Elf Hunter)                    Turns: 1048, Time: 00:00:30

Health: -4/20      AC:  4    Str: 10    XL:     3   Next: 60%
Magic:  5/5        EV: 12    Int: 13    God:
Gold:   87         SH:  0    Dex: 18    Spells: 2/2 levels left

rFire   . . .        Y - +0 shortbow
rCold   . . .        (shield currently unavailable)
rNeg    . . .        c - +0 leather armour
rPois   .            f - +0 helmet
rElec   .            (no cloak)
rCorr   .            (no gloves)
SInv    .            (no boots)
Will    .....        (no amulet)
Stlth   +            (no ring)
HPRegen 0.23/turn    (no ring)
MPRegen 0.09/turn

%: no passive effects
@: confused
A: no striking features
a: no special abilities


You were on level 2 of the Dungeon.
You visited 1 branch of the dungeon, and saw 2 of its levels.

You collected 87 gold pieces.


   Skills:
 - Level 1.5 Fighting
 + Level 7.1 Ranged Weapons
 - Level 2.4 Dodging
 - Level 1.2 Stealth


You had 2 spell levels left.
You didn't know any spells.
Your spell library was empty.

Inventory:

Hand Weapons
 Y - a +0 shortbow (weapon)
Armour
 c - a +0 leather armour (worn)
 f - a +0 helmet (worn)
Jewellery
 e - a ring of ice
Scrolls
 a - a scroll of identify
 b - a scroll of teleportation {unknown}
Potions
 d - a potion of degeneration {unknown}
 g - a potion of resistance {unknown}

Dungeon Overview and Level Annotations

Branches:
Dungeon (2/15)

Altars:
The Shining One

Shops:
D:1 :

Annotations:
D:2 Sigmund


Message History

Enter note:
Enter note:
Enter note:
Enter note:
Enter note:
Enter note:
Enter note:
Enter note:
Enter note:
Enter note:
Enter note:
Enter note:
Enter note:
Enter note:
Enter note:
Enter note:
Enter note:
Enter note:
Enter note:
Enter note:
Enter note:
Enter note:
Enter note:
Enter note:
Enter note:
Enter note:
Enter note:
Enter note:
Enter note:
Enter note:
1043 ||| FLEEEEING.
1044 ||| FLEEEEING.
1045 ||| FLEEEEING.
You shoot an arrow. The arrow closely misses Sigmund.
Sigmund casts a spell at you.
You are confused.
Sigmund gestures at you while chanting. The puff of flame hits you!
Ouch! That really hurt!
You die...

.....#....### ##..)..!.....
.%..........## #............
###.##....#..######......$.....
###.##..<.##...................
#.#.##....#####...............#
#...............###.#.>..#....#
.........###.##.....####.####.#
...#.#...##..#..##@......# #
.#.....#........@..#######
.....#.....##..#####
#.............. ..........####.
......##... .. ......# .
......## .......# #....#.#


You could see Sigmund.

Vanquished Creatures
  An adder (D:2)
  A dart slug (D:1)
  5 ball pythons
  A bat (D:2)
  2 endoplasms
  2 giant cockroaches
  3 goblins
  A hobgoblin (D:1)
  6 kobolds
  4 quokkas
  2 frilled lizards (D:1)
  13 rats
41 creatures vanquished.

Notes
Turn   | Place    | Note
-------+----------+-------------------------------------------
     0 | D:1      | qw the Deep Elf Hunter began the quest for the Orb.
     0 | D:1      | Reached XP level 1. HP: 12/12 MP: 3/3
     0 | D:1      | 0 ||| qw: Version: 0.3-a-9-g12657ce
     0 | D:1      | 0 ||| qw: Game counter: 1989
     0 | D:1      | 0 ||| qw: Always use a shield: true
     0 | D:1      | 0 ||| qw: God list: Okawaru
     0 | D:1      | 0 ||| qw: Allow faded altars: false
     0 | D:1      | 0 ||| qw: Do Orc after D:15 true
     0 | D:1      | 0 ||| qw: Do second Lair branch before Depths: true
     0 | D:1      | 0 ||| qw: Lair rune preference: random
     0 | D:1      | 0 ||| qw: Plans: Normal
     0 | D:1      | 0 ||| PLANNING D:1-11
   179 | D:1      | Reached skill level 6 in Ranged Weapons
   179 | D:1      | Reached XP level 2. HP: 16/16 MP: 4/4
   443 | D:1      | Found Kuoxuxet's Book Shop.
   612 | D:1      | 612 ||| FLEEEEING.
   738 | D:1      | 738 ||| UPGRADING to +0 helmet.
   743 | D:1      | 743 ||| READING scroll labelled XIRIQO BONLIAS.
   744 | D:1      | 744 ||| DROPPING scroll of butterflies.
   785 | D:2      | Found a glowing golden altar of the Shining One.
   804 | D:2      | Reached XP level 3. HP: 20/20 MP: 5/5
   889 | D:2      | Reached skill level 7 in Ranged Weapons
  1027 | D:2      | Noticed Sigmund
  1036 | D:2      | HP: 4/20 [Sigmund/+0 scythe (9)]
  1037 | D:2      | 1037 ||| READING 2 scrolls labelled XABRITE FEUC.
  1043 | D:2      | 1043 ||| FLEEEEING.
  1044 | D:2      | 1044 ||| FLEEEEING.
  1045 | D:2      | 1045 ||| FLEEEEING.
  1048 | D:2      | Killed from afar by Sigmund

Levels and vault maps discovered:
D:1:      dpeg_arrival_ratfight, layout_loops_ring, serial_shops,
          nicolae_shop_back_alley_shop, minivault_26, minmay_tromino_v7
D:2:      layout_rooms, basic_altar,
          dreamdust_ecumenical_altar_hidden_monk_grotto,
          dreamdust_mushroom_princess, uniq_sigmund

Skill      XL: |  1  2  3 |
---------------+----------+-----
Ranged Weapons | 6 7 |  7.1
Fighting       | |  1.5
Dodging        | |  2.4
Stealth        | |  1.2

Action                     || total
---------------------------++-------
   Fire: Shortbow          ||   113
    Use: Scroll            ||     2
 Armour: Leather armour    ||     5
  Dodge: Dodged            ||     9

Table legend:
 A = Non-vault XP
 B = Vault XP
 C = Vault XP percentage of total XP
 D = Non-vault monster count
 E = Vault monster count
 F = Vault count percentage of total count
                 A         B        C        D         E       F
            +---------+---------+-------+---------+---------+-------
      Total |      67 |       8 |  10.7 |      33 |       8 |  19.5
            +---------+---------+-------+---------+---------+-------
        D:1 |      26 |       8 |  23.5 |      15 |       8 |  34.8
        D:2 |      41 |       0 |   0.0 |      18 |       0 |   0.0
            +---------+---------+-------+---------+---------+-------
